 Dungeon Sprint DCSS version 0.20.1-1-g8b1a95d (webtiles) character file.

14784 KingStallion the Warrior (level 12, -9/91 HPs)
             Began as a Gargoyle Berserker on Oct 31, 2017.
             Was a High Priest of Trog.
             Mangled by the 25-headed Lernaean hydra (11 damage)
             ... in the Dungeon (Sprint III: "The Ten Rune Challenge").
             The game lasted 00:14:15 (1712 turns).

KingStallion the Warrior (Gargoyle Berserker)       Turns: 1712, Time: 00:14:17

Health: -9/91      AC: 20    Str: 22    XL:     12   Next: 20%
Magic:  13/13      EV: 14    Int:  9    God:    Trog [*****.]
Gold:   42         SH:  0    Dex: 12    Spells: 11/11 levels left

rFire    . . .     SeeInvis .   a - +4 scimitar (flame)
rCold    . . .     Gourm    .   (no shield)
rNeg     + . .     Faith    .   u - +0 ring mail
rPois    ∞         Spirit   .   A - +2 hat
rElec    +         Reflect  .   (no cloak)
rCorr    .         Harm     .   (no gloves)
MR       ++...     NoTele   +   (no boots)
Stlth    ++........             (no amulet)
Regen    1.3/turn               (no ring)
MPRegen  0.2/turn               (no ring)

@: berserk cooldown, starving, regenerating, slowed, very slow
A: molten scales 1, mutation resistance 1, negative energy resistance 1,
electricity resistance, unbreathing, petrification resistance, rot immunity, AC
+8
a: Berserk, Trog's Hand, Brothers in Arms, Burn Spellbooks, Renounce Religion


You were in the Dungeon.
You worshipped Trog.
Trog was extremely pleased with you.
You were starving.

You visited 1 branch You collected 42 gold pieces.

Inventory:

Hand Weapons
 a - a +4 scimitar of flaming (weapon)
 b - the +1 shortbow of Arrival {flame, rElec Str+2 Stlth-}
   (Trog gifted it to you in the Dungeon)

   It causes projectiles fired from it to burn those they strike, causing extra
   injury to most foes and up to half again as much damage against particularly
   susceptible opponents.
   It affects your strength (+2).
   It insulates you from electricity.
   It makes you less stealthy.
 c - a +0 long sword of holy wrath
 w - a +0 falchion
 y - a +2 antimagic great sword
 z - a +4 antimagic great sword
 C - a +3 great sword of freezing
Missiles
 x - 108 arrows
Armour
 u - a +0 ring mail (worn)
 A - a +2 hat (worn)
Scrolls
 i - a scroll of blinking
 j - 2 scrolls of remove curse {unknown}
 m - a scroll of holy word {unknown}
 n - 2 scrolls of identify {unknown}
 q - a scroll of immolation {unknown}
 r - a scroll of amnesia {unknown}
Potions
 d - 3 potions of curing
 e - 2 potions of heal wounds
 f - a potion of haste
 g - 2 potions of magic
 h - 2 potions of berserk rage
 l - 3 potions of mutation
 p - 2 potions of flight
 B - 2 potions of brilliance {unknown}
Miscellaneous
 v - a fan of gales
Comestibles
 k - 2 bread rations
 t - a royal jelly


   Skills:
 * Level 17.2 Fighting
 + Level 14.0 Long Blades
 + Level 8.1 Bows
 * Level 13.3 Armour
 + Level 6.8 Dodging
 + Level 5.5 Stealth
 * Level 12.0 Unarmed Combat
 + Level 1.5 Evocations


You had 11 spell levels left.
You didn't know any spells.

Dungeon Overview and Level Annotations

Branches:
Dungeon (1/1)

Altars:
Cheibriados
Dithmenos
Elyvilon
Fedhas
Gozag
Hepliaklqana
Kikubaaqudgha
Makhleb
Nemelex Xobeh
Okawaru
Qazlal
Ru
Sif Muna
Trog
Uskayaw
Vehumet
Xom
Yredelemnul
Zin
The Shining One
Beogh
Jiyva
Lugonu

Shops:
D :[?

Annotations:
D Lernaean hydra


Innate Abilities, Weirdness & Mutations

You are resistant to torment.
Your stone body is resilient. (AC +8)
You are immune to poison.
You resist negative energy. (rN+)
You are resistant to electric shocks. (rElec)
You can survive without breathing.
You are immune to petrification.
You are immune to rotting.
You are partially covered in molten scales. (AC +2)
You are somewhat resistant to further mutation.


Message History

* * * LOW HITPOINT WARNING * * *
The 25-headed Lernaean hydra bites you but does no damage.
Unknown command.
You feel a strong urge to attack something.
You enter the shallow water.
Moving in this stuff is going to be slow.
You feel your anger subside.
You are no longer berserk.
You are exhausted.
You feel yourself slow down.
You enter the shallow water.
Moving in this stuff is going to be slow.
You are starving!
The 25-headed Lernaean hydra knocks down a tree!
As you read the scroll labeled UMICEGR FAJEA, it crumbles to dust.
The scroll dissolves into smoke.
It was a scroll of fog.
The 25-headed Lernaean hydra bites you!
* * * LOW HITPOINT WARNING * * *
The 25-headed Lernaean hydra bites you but does no damage. x2
The 25-headed Lernaean hydra bites you!
You die...

♣.♣♣ #####
♣♣.♣ ...φ#
♣.♣♣ ....#
♣.♣♣ TD..#
♣..♣♣#DD.#
♣♣≈♣♣D####♣♣
♣♣.♣♣..D..♣
♣♣..♣♣♣♣D♣.♣
♣...≈≈§§@§.♣
♣.†≈..§§§§P♣
♣.♣.≈.§§P§≈♣
♣♣♣♣♣♣♣♣∩∩∩♣
♣♣♣♣♣


You could see the 25-headed Lernaean hydra and a swamp dragon.

Vanquished Creatures
  Rupert (D)
  Gastronok (D)
  2 dire elephants (D)
  Erica (D)
  A centaur warrior (D)
  4 death yaks (D)
  An unseen horror (D)
  A deep elf mage (D)
  An elephant (D)
  2 black mambas (D)
  2 spiny frogs (D)
  A rime drake (D)
  A komodo dragon (D)
  3 wandering mushrooms (D)
  2 blink frogs (D)
  A redback (D)
  A shadow (D)
  A spatial vortex (D)
  3 swamp drakes (D)
  A necrophage (D)
  2 centaurs (D)
  An earth elemental (D)
  A water elemental (D)
  A jelly (D)
  A wizard (D)
  Jessica (D)
  A necromancer (D)
  3 humans (D)
  A kobold demonologist (D)
  A phantom (D)
  3 rats (D)
47 creatures vanquished.

Vanquished Creatures (collateral kills)
  An elephant (D)
  6 blink frogs (D)
  A tyrant leech (D)
8 creatures vanquished.

Vanquished Creatures (others)
  2 draconian scorchers (D)
  6 hellions (D)
  A yaktaur (D)
  A plant (D)
10 creatures vanquished.

Grand Total: 65 creatures vanquished

Notes
Turn   | Place    | Note
-------+----------+-------------------------------------------
     0 | D        | KingStallion the Gargoyle Berserker began the quest for the Orb.
     0 | D        | Reached XP level 1. HP: 14/14 MP: 1/1
    11 | D        | Killed a yaktaur
    22 | D        | Noticed Jessica
    26 | D        | Reached ** piety under Trog
    30 | D        | Killed Jessica
    30 | D        | Reached skill level 5 in Fighting
    30 | D        | Reached XP level 2. HP: 12/21 MP: 2/2
    30 | D        | Reached XP level 3. HP: 15/26 MP: 3/3
   120 | D        | Killed a hellion
   121 | D        | Killed a hellion
   122 | D        | Killed a hellion
   126 | D        | Reached *** piety under Trog
   126 | D        | Reached skill level 5 in Long Blades
   161 | D        | Noticed a water elemental
   171 | D        | Killed a water elemental
   171 | D        | Reached skill level 7 in Fighting
   171 | D        | Reached skill level 1 in Stealth
   171 | D        | Reached skill level 1 in Unarmed Combat
   171 | D        | Reached XP level 4. HP: 34/34 MP: 4/4
   171 | D        | Killed a hellion
   175 | D        | Killed a hellion
   175 | D        | Killed a hellion
   225 | D        | Found a glowing silver altar of Zin.
   225 | D        | Found a glowing golden altar of the Shining One.
   225 | D        | Found a white marble altar of Elyvilon.
   227 | D        | Noticed a deep elf mage
   236 | D        | Killed a white draconian scorcher
   238 | D        | Killed a deep elf mage
   238 | D        | Reached skill level 10 in Fighting
   238 | D        | Reached XP level 5. HP: 43/43 MP: 5/5
   238 | D        | Reached XP level 6. HP: 48/48 MP: 6/6
   238 | D        | Reached XP level 7. HP: 53/53 MP: 7/7
   245 | D        | Killed a white draconian scorcher
   271 | D        | Found a basalt altar of Yredelemnul.
   271 | D        | Found a shadowy altar of Dithmenos.
   271 | D        | Found a sacrificial altar of Ru.
   277 | D        | Reached skill level 5 in Unarmed Combat
   278 | D        | Reached **** piety under Trog
   298 | D        | Found a roughly hewn altar of Beogh.
   298 | D        | Found an iron altar of Okawaru.
   298 | D        | Found a bloodstained altar of Trog.
   298 | D        | Found a hide-covered altar of Uskayaw.
   298 | D        | Noticed a human
   299 | D        | Noticed a human
   313 | D        | Killed a human
   313 | D        | Reached skill level 11 in Fighting
   320 | D        | Killed a human
   320 | D        | Reached XP level 8. HP: 60/60 MP: 8/8
   375 | D        | Found a radiant altar of Vehumet.
   376 | D        | Found a deep blue altar of Sif Muna.
   376 | D        | Found an ancient bone altar of Kikubaaqudgha.
   377 | D        | Reached ***** piety under Trog
   451 | D        | Noticed a shadow
   460 | D        | Killed a shadow
   460 | D        | Reached skill level 12 in Fighting
   480 | D        | Found a blossoming altar of Fedhas.
   480 | D        | Found a stormy altar of Qazlal.
   481 | D        | Found a snail-covered altar of Cheibriados.
   481 | D        | Found a burning altar of Makhleb.
   481 | D        | Found a hazy altar of Hepliaklqana.
   481 | D        | Found a shimmering altar of Xom.
   481 | D        | Found an opulent altar of Gozag.
   481 | D        | Found a sparkling altar of Nemelex Xobeh.
   481 | D        | Found a corrupted altar of Lugonu.
   481 | D        | Found a viscous altar of Jiyva.
   504 | D        | Noticed Erica
   517 | D        | Killed Erica
   517 | D        | Reached ****** piety under Trog
   517 | D        | Reached skill level 13 in Fighting
   517 | D        | Reached skill level 10 in Long Blades
   517 | D        | Reached XP level 9. HP: 60/68 MP: 9/9
   665 | D        | Noticed a centaur warrior
   670 | D        | Killed a centaur warrior
   670 | D        | Received a gift from Trog
   670 | D        | Reached skill level 5 in Dodging
   679 | D        | Got a smoking shortbow {god gift}
   680 | D        | Identified the +1 shortbow of Arrival {flame, rElec Str+2 Stlth-} (Trog gifted it to you in the Dungeon)
   842 | D        | Killed an unseen horror
   891 | D        | Noticed a wandering mushroom
   898 | D        | Killed a wandering mushroom
   898 | D        | Reached skill level 14 in Fighting
   898 | D        | Reached XP level 10. HP: 75/75 MP: 10/10
   913 | D        | Reached skill level 1 in Bows
   923 | D        | Reached skill level 10 in Armour
   938 | D        | Noticed a spiny frog
   938 | D        | Noticed a spiny frog
   941 | D        | Killed a spiny frog
   944 | D        | Killed a spiny frog
   944 | D        | Received a gift from Trog
  1049 | D        | Received a gift from Trog
  1049 | D        | Reached skill level 15 in Fighting
  1050 | D        | Received a gift from Trog
  1069 | D        | Noticed an elephant
  1070 | D        | Noticed an elephant
  1070 | D        | Noticed a dire elephant
  1070 | D        | Noticed a dire elephant
  1070 | D        | Noticed Gastronok
  1075 | D        | Killed an elephant
  1075 | D        | Reached skill level 5 in Bows
  1091 | D        | Killed a dire elephant
  1091 | D        | Reached skill level 10 in Unarmed Combat
  1091 | D        | Reached XP level 11. HP: 75/81 MP: 11/11
  1095 | D        | Killed a dire elephant
  1117 | D        | Gained mutation: You are partially covered in molten scales. (AC +2) [potion of mutation]
  1117 | D        | Gained mutation: You are somewhat resistant to further mutation. [potion of mutation]
  1127 | D        | Killed Gastronok
  1127 | D        | Reached skill level 5 in Stealth
  1276 | D        | Noticed an azure jelly
  1276 | D        | Noticed an azure jelly
  1276 | D        | Noticed an azure jelly
  1277 | D        | Noticed an azure jelly
  1279 | D        | Noticed Rupert
  1295 | D        | Killed Rupert
  1295 | D        | Received a gift from Trog
  1295 | D        | Reached skill level 16 in Fighting
  1295 | D        | Reached skill level 1 in Evocations
  1491 | D        | Noticed a death yak
  1492 | D        | Noticed a death yak
  1495 | D        | Noticed a death yak
  1496 | D        | Noticed a death yak
  1503 | D        | Killed a death yak
  1514 | D        | Killed a death yak
  1518 | D        | Killed a death yak
  1518 | D        | Reached XP level 12. HP: 75/90 MP: 5/12
  1522 | D        | Killed a death yak
  1524 | D        | Received a gift from Trog
  1524 | D        | Reached skill level 17 in Fighting
  1669 | D        | Found Pifyib's Book Shoppe.
  1669 | D        | Found Taufulil's Antique Armour Boutique.
  1679 | D        | Found Cuzi's Magic Scroll Emporium.
  1697 | D        | Noticed an eight-headed hydra
  1697 | D        | Noticed the 27-headed Lernaean hydra
  1704 | D        | HP: 5/136 [the 25-headed Lernaean hydra (10)]
  1712 | D        | HP: 2/91 [the 25-headed Lernaean hydra (11)]
  1712 | D        | Mangled by the 25-headed Lernaean hydra

Skill      XL: |  1  2  3  4  5  6  7  8  9 10 11 12 |
---------------+-------------------------------------+-----
Long Blades    | 4 5 8 9 10 11 12 13 14 | 14.0
Fighting       | 5 7 10 11 13 14 15 16 17 | 17.2
Dodging        | 2 3 4 5 6 |  6.8
Armour         | 3 6 8 9 11 13 | 13.3
Stealth        | 1 2 3 4 5 |  5.5
Unarmed Combat | 1 4 5 7 8 10 11 12 | 12.0
Bows           | 5 8 |  8.1
Evocations     | 1 |  1.5

Action                   |  1- 3 |  4- 6 |  7- 9 | 10-12 || total
-------------------------+-------+-------+-------+-------++-------
Melee: Falchion          |    31 |     7 |       |       ||    38
       Long sword        |       |       |    62 |       ||    62
       Punch             |       |       |     4 |     3 ||     7
       Scimitar          |       |       |    20 |    52 ||    72
       Great sword       |       |       |       |    44 ||    44
 Fire: Shortbow          |       |       |     5 |    15 ||    20
Invok: Trog's Hand       |     3 |     1 |    10 |     9 ||    23
       Berserk           |     2 |     1 |     2 |     5 ||    10
       Burn Spellbooks   |       |       |     1 |       ||     1
       Brothers in Arms  |       |       |       |     5 ||     5
Evoke: Fan of gales      |       |       |       |     1 ||     1
  Use: Potion            |       |       |       |     2 ||     2
       Scroll            |       |       |       |     1 ||     1
 Stab: Sleeping          |     1 |       |       |     1 ||     2
       Distracted        |       |       |       |     1 ||     1
  Eat: Chunk             |       |     1 |     8 |     6 ||    15
       Meat ration       |       |       |       |     1 ||     1
Armor: Animal skin       |     2 |       |     4 |       ||     6
       Ring mail         |       |       |    33 |    61 ||    94
Dodge: Dodged            |    11 |     2 |    30 |    58 ||   101
       Rpst.: Falchion   |     4 |       |       |       ||     4
       Long sword        |       |       |     7 |       ||     7
       Scimitar          |       |       |     3 |     6 ||     9
       Great sword       |       |       |       |     6 ||     6
